 Dungeon Crawl Stone Soup version 0.30-a0-535-g2c0b3469a7 (webtiles) character file.

Game seed: 16278218416682996175

438 M4edhros the Poker (level 7, 0/46 HPs)
             Began as an Octopode Fighter on Dec 25, 2022.
             Slain by an iguana (7 damage)
             ... on level 4 of the Dungeon.
             The game lasted 00:03:25 (2372 turns).

M4edhros the Poker (Octopode Fighter)               Turns: 2372, Time: 00:03:26

Health: 0/46       AC:  1    Str: 15    XL:     7   Next: 1%
Magic:  7/7        EV: 14    Int: 10    God:
Gold:   157        SH:  5    Dex: 14    Spells: 6/6 levels left

rFire   . . .      SeeInvis .    a - +0 trident
rCold   . . .      Faith    .    b - +0 buckler
rNeg    . . .      Spirit   .    (helmet restricted)
rPois   .          Reflect  .    (no amulet)
rElec   .          Harm     .    (no ring)
rCorr   .          Rampage  .    (no ring)
Will    .....                    (no ring)
Stlth   ++                       (no ring)
HPRegen 0.27/turn                (no ring)
MPRegen 0.10/turn                (no ring)
                                 (no ring)
                                 (no ring)

@: no status effects
A: almost no armour, amphibious, 8 rings, camouflage 1, gelatinous body 1,
(nimble swimmer 1), tentacles
a: no special abilities


You were on level 4 of the Dungeon.
You visited 2 branches of the dungeon, and saw 6 of its levels.

You collected 157 gold pieces.

Inventory:

Hand Weapons
 a - a +0 trident (weapon)
Armour
 b - a +0 buckler (worn)
Jewellery
 p - a +6 ring of dexterity
Scrolls
 d - 6 scrolls of identify {unknown}
 e - a scroll of blinking {unknown}
 f - a scroll of torment {unknown}
 g - a scroll of magic mapping {unknown}
 h - 3 scrolls of poison {unknown}
 j - a scroll of summoning {unknown}
 k - 2 scrolls of enchant armour {unknown}
 l - a scroll of amnesia {unknown}
 n - a scroll of brand weapon {unknown}
Potions
 c - a potion of might
 m - a potion of magic {unknown}
 o - a potion of curing
 q - a potion of attraction {unknown}


   Skills:
 - Level 3.0 Fighting
 * Level 6.0 Polearms
 + Level 5.0 Dodging
 - Level 3.0 Shields


You had 6 spell levels left.
You didn't know any spells.
Your spell library contained the following spells:

 Spells                   Type           Power      Damage    Failure   Level
 Static Discharge         Conj/Air       0%         2-2/arc   58%         2
 Gell's Gravitas          Tloc           0%         N/A       83%         3
 Teleport Other           Tloc           0%         N/A       83%         3
 Vhi's Electric Charge    Tloc/Air       0%         N/A       83%         3
 Arcjolt                  Conj/Air       0%         1d10      100%        5
 Lightning Bolt           Conj/Air       0%         1d11      100%        5
 Dispersal                Tloc           0%         N/A       100%        6


Dungeon Overview and Level Annotations

Branches:
Dungeon (5/15)             Temple (1/1) D:4

Altars:
Cheibriados
Dithmenos
Fedhas
Gozag
Hepliaklqana
Kikubaaqudgha
Makhleb
Ru
Uskayaw
Wu Jian

Annotations:
D:5 Eustachio


Innate Abilities, Weirdness & Mutations

You cannot wear most types of armour.
You are amphibious.
You can wear up to eight rings at the same time.
Your skin changes colour to match your surroundings (Stealth+).
Your rubbery body absorbs attacks. (AC +1, EV +1)
((You are camouflaged when in or above water. (Stealth+)))
You have tentacles for arms and can constrict up to eight enemies at once.


Message History

An orc is nearby!
An iguana comes into view.
Found a scroll labelled ELANIS HEIWNE.
An orc wizard comes into view. It is wielding a +0 dagger.
The orc wizard shouts!
You hear a shout! x3
An orc comes into view. It is wielding a +0 flail.
You hit the orc wizard but do no damage.
Your grab misses the orc wizard.
Eustachio the Magnificent comes into view.
He is wielding a +2 falchion of pain.
The orc wizard hits you with a +0 dagger.
You hit the orc wizard. Your grab misses the orc wizard.
The orc wizard is moderately wounded.
You closely miss the orc. Your grab misses the orc.
Your squeeze misses the orc. You hit the iguana but do no damage.
You grab the iguana. You constrict the iguana. The iguana bites you.
You release your grip on the iguana.
Eustachio casts a spell.
Eustachio blinks!
The orc hits you with a +0 club.
There is a stone staircase leading up here.
The orc wizard casts a spell.
The orc wizard flickers and vanishes!
Deactivating autopickup; reactivate with Ctrl-A.
The orc barely misses you. The iguana bites you!
* * * LOW HITPOINT WARNING * * *
You climb upwards.
Reactivating autopickup.
There is a stone staircase leading down here.
You hit the iguana. You grab the iguana.
The iguana is lightly wounded.
You constrict the iguana, but do no damage.
The iguana bites you!
* * * LOW HITPOINT WARNING * * *
The orc misses you.
Unknown command.
You puncture the orc!
You kill the orc!
You constrict the iguana, but do no damage.
The iguana bites you!
You die...

###### #####....^
#########.......#.
#...........#.#.#.
###.#######.#.#.#...
#.)@l...# #.#+#+#...
#######.# #.........
#.# #.######## #.#
#.#....... #.#
#.#.≈≈.... #.#
#.#.§§..._
#.###.#.≈§....
#.#...#..§≈...
#.#.###...≈≈§§


You could see an iguana.

Vanquished Creatures
  A black bear (D:4)
  A necrophage (D:4)
  A hound (D:5)
  A gnoll bouda (D:4)
  An orc priest (D:5)
  An iron imp (D:4)
  4 adders (D:2)
  2 worms
  A dart slug (D:2)
  9 orcs
  2 ball pythons
  7 endoplasms
  3 giant cockroaches
  4 goblins
  4 hobgoblins
  6 jackals
  A quokka (D:4)
  3 frilled lizards
  6 kobolds
  A rat (D:1)
59 creatures vanquished.

Vanquished Creatures (collateral kills)
  2 iron imps (D:4)
2 creatures vanquished.

Vanquished Creatures (others)
  2 plants (D:4)
2 creatures vanquished.

Grand Total: 63 creatures vanquished

Notes
Turn   | Place    | Note
-------+----------+-------------------------------------------
     0 | D:1      | M4edhros the Octopode Fighter began the quest for the Orb.
     0 | D:1      | Reached XP level 1. HP: 16/16 MP: 1/1
   137 | D:1      | Reached XP level 2. HP: 21/21 MP: 2/2
   506 | D:2      | Reached skill level 3 in Polearms
   506 | D:2      | Reached XP level 3. HP: 21/26 MP: 3/3
   625 | D:2      | Found a faded altar of an unknown god.
   834 | D:2      | Reached XP level 4. HP: 31/31 MP: 4/4
  1143 | D:3      | Found an ancient bone altar of Kikubaaqudgha.
  1156 | D:3      | Reached skill level 4 in Polearms
  1179 | D:4      | Found a staircase to the Ecumenical Temple.
  1192 | Temple   | Entered the Ecumenical Temple
  1610 | D:4      | Found an ornate altar of the Wu Jian Council.
  1639 | D:4      | Found a blossoming altar of Fedhas.
  1687 | D:4      | Noticed a black bear
  1695 | D:4      | Killed a black bear
  1696 | D:4      | Reached XP level 5. HP: 18/36 MP: 5/5
  1714 | D:4      | HP: 1/36 [gnoll/+0 halberd (16)]
  1848 | D:4      | Noticed a sky beast
  1853 | D:4      | Reached skill level 5 in Polearms
  1853 | D:4      | Reached XP level 6. HP: 42/42 MP: 6/6
  2209 | D:4      | Found a burning altar of Makhleb.
  2332 | D:5      | Entered Level 5 of the Dungeon
  2339 | D:5      | Reached skill level 6 in Polearms
  2339 | D:5      | Reached XP level 7. HP: 30/46 MP: 7/7
  2341 | D:5      | Reached skill level 5 in Dodging
  2364 | D:5      | Noticed Eustachio
  2372 | D:4      | Slain by an iguana

Illustrated notes

Levels and vault maps discovered:
D:1:      lightli_arrival_statue_moat, layout_basic
D:2:      minmay_inner_zag, layout_loops_ring,
          chequers_ecumenical_altar_simple_redux
D:3:      layout_loops_ring, nicolae_kikubaaqudgha_miasma_corner, zin_academy,
          mainiacjoe_overflow_paths, nicolae_overflow_squiral,
          gup_sewer_entry_glass, minmay_diced_spiral, uniq_jessica, uniq_robin,
          uniq_grinder, uniq_natasha, uniq_pargi
D:4:      layout_basic, fedhas_ov_isle_minmay, demons_altar,
          mainiacjoe_overflow_cross_hatched, temple_pool_b, minmay_between
D:5:      layout_cave_pools, serial_shops, nicolae_shop_trees, uniq_eustachio,
          uniq_menkaure, uniq_crazy_yiuf_cottage
Temple:   hellmonk_temple_flake

Skill      XL: |  1  2  3  4  5  6  7 |
---------------+----------------------+-----
Polearms       | 3 4 5 6 |  6.0
Dodging        | 4 5 |  5.0
Fighting       | |  3.0
Shields        | |  3.0

Action                   |  1- 3 |  4- 6 |  7- 9 || total
-------------------------+-------+-------+-------++-------
Melee: Trident           |    59 |    66 |    10 ||   135
       Tentacles         |    13 |    21 |       ||    34
       Constrict         |    11 |    15 |     2 ||    28
Evoke: Wand              |       |     3 |       ||     3
  Use: Potion            |     5 |     2 |       ||     7
 Stab: Sleeping          |     5 |     2 |       ||     7
Armor: Skin              |       |     3 |       ||     3
Dodge: Dodged            |    31 |    50 |     3 ||    84
Block: Buckler           |     8 |     8 |     3 ||    19

Table legend: (Time is in decaauts)
 A = Elapsed time spent in this place.
 B = Non-inter-level travel time spent in this place.
 C = Inter-level travel time spent in this place.
 D = Time resting spent in this place.
 E = Time spent auto-exploring this place.
 F = Levels seen in this place.
 G = Mean time per level.
                   A        B        C        D        E       F      G
               +--------+--------+--------+--------+--------+-----+--------+
         Total |   2382 |   2326 |     56 |     93 |   1695 |   6 |  397.0 |
       Dungeon |   2212 |   2162 |     50 |     93 |   1554 |   5 |  442.4 |
        Temple |    169 |    163 |      6 |      0 |    141 |   1 |  169.0 |
               +--------+--------+--------+--------+--------+-----+--------+

Top non-repeatable levels by time:
     D:4: 989 daAuts
     D:2: 751 daAuts
     D:1: 356 daAuts
  Temple: 169 daAuts
     D:3: 76 daAuts
     D:5: 38 daAuts
